 Dungeon Crawl Stone Soup version 0.17.0-28-g6e173f8 (webtiles) character file.

97 Raultor the Skirmisher (level 4, -7/24 HPs)
             Began as a Vine Stalker Berserker on Nov 22, 2015.
             Was a Believer of Trog.
             Mangled by a kobold
             ... wielding a +1 dagger of electrocution
              (11 damage)
             ... on level 3 of the Dungeon.
             The game lasted 00:06:45 (2212 turns).

Raultor the Skirmisher (Vine Stalker Berserker)     Turns: 2212, Time: 00:06:45

Health: -7/24      AC:  6    Str: 20    XL:     4   Next: 68%
Magic:  0/5        EV:  8    Int:  7    God:    Trog [**....]
Gold:   114        SH:  8    Dex: 14    Spells: 0 memorised, 3 levels left

rFire  . . .     SeeInvis .     a - +0 spear
rCold  . . .     Clarity  .     e - +0 scale mail
rNeg   . . .     SustAt   +     r - +0 shield (curse)
rPois  .         Gourm    .     (no helmet)
rElec  .         Spirit   +     (no cloak)
rCorr  .         Warding  .     (no gloves)
rMut   .         Stasis   .     (no boots)
MR     .....                    (no amulet)
Stlth  ..........               w - ring of sustain attributes
                                h - ring of loudness (curse)

@: not resistant to hostile enchantments, extremely unstealthy
A: fangs 2, regeneration 1, magic shield, antimagic bite, no device heal 3, rot
immunity
a: Berserk, Trog's Hand, Burn Spellbooks, Renounce Religion


You were on level 3 of the Dungeon.
You worshipped Trog.
Trog was pleased with you.
You were hungry.

You visited 1 branch of the dungeon, and saw 3 of its levels.

You collected 114 gold pieces.

Inventory:

Hand Weapons
 a - a +0 spear (weapon)
Missiles
 j - 130 stones
 n - 2 tomahawks of returning (quivered)
Armour
 b - a +0 animal skin
 e - a +0 scale mail (worn)
 r - a cursed +0 shield (worn)
Jewellery
 h - a cursed ring of loudness (left hand)
 m - an uncursed ring of flight
 w - a ring of sustain attributes (right hand)
Scrolls
 d - 2 scrolls of remove curse {unknown}
 g - a scroll of blinking {unknown}
 i - a scroll of fear {unknown}
 k - 4 scrolls of identify {unknown}
 l - a scroll of teleportation {unknown}
 q - 2 scrolls of fog {unknown}
 t - a scroll of noise {unknown}
 v - a scroll of magic mapping {unknown}
Potions
 f - a potion of haste {unknown}
 p - a potion of curing
Comestibles
 c - 3 bread rations
 o - a meat ration
 s - 2 chunks of flesh
 u - a beef jerky


   Skills:
 + Level 3.4 Fighting
 + Level 3.3 Polearms
 + Level 2.0 Armour
 + Level 2.2 Dodging
 + Level 0.8 Shields


You had 3 spell levels left.
You didn't know any spells.

Dungeon Overview and Level Annotations

Branches:
Dungeon (3/15)

Altars:
Elyvilon


Innate Abilities, Weirdness & Mutations

You have extremely sharp teeth.
Your natural rate of healing is unusually fast.
When hurt, damage is shared between your health and your magic reserves.
Your bite disrupts and absorbs the magic of your enemies.
Potions and wands cannot restore your health.
You are immune to rotting.


Message History

You kill the adder!
Trog accepts your kill.
You closely miss the kobold. You block the kobold's attack.
You hit the kobold but do no damage. Your bite misses the kobold.
The kobold hits you.
* * * LOW HITPOINT WARNING * * *
Your shield and scale mail prevent you from hitting the kobold.
Your bite misses the kobold. The kobold hits you.
* * * LOW HITPOINT WARNING * * *
You hit the kobold. Your bite misses the kobold.
The kobold is moderately wounded.
You block the kobold's attack.
You hit the kobold. You bite the kobold, but do no damage.
The kobold is heavily wounded.
You block the kobold's attack. x2
You closely miss the kobold.
The kobold is heavily wounded.
You are feeling hungry.
The kobold hits you but does no damage.
You are electrocuted!
You die...

#. ... ## .... #
....### #
....... .###
....... ...#####
#...... #....##
#......###
##......
#.....K@.####
#.......
#......#K...##
#.......
###########..##
#.......
##..####......
##..# ##...#.
##.######...
#.)...##...
#.......##......
#.......#####>..


You could see 2 kobolds.

Vanquished Creatures
  The ghost of Alethiolet the Charlatan, a weakling FeAr (D:3)
  3 adders
  A giant gecko (D:1)
  2 orcs (D:2)
  5 bats
  5 giant cockroaches
  9 goblins
  9 hobgoblins
  2 quokkas
  A ball python (D:2)
  6 kobolds
  A quokka skeleton (D:3)
  7 rats
52 creatures vanquished.

Notes
Turn   | Place    | Note
--------------------------------------------------------------
     0 | D:1      | Raultor the Vine Stalker Berserker began the quest for the Orb.
     0 | D:1      | Reached XP level 1. HP: 11/11 MP: 2/2
   183 | D:1      | Reached XP level 2. HP: 14/16 MP: 3/3
   235 | D:1      | Reached skill level 3 in Fighting
   376 | D:1      | Reached ** piety under Trog
   436 | D:1      | Reached XP level 3. HP: 20/20 MP: 4/4
  1145 | D:2      | Found a white marble altar of Elyvilon.
  1700 | D:2      | Reached XP level 4. HP: 21/24 MP: 3/5
  1715 | D:3      | Noticed an orc warrior
  2156 | D:3      | Noticed Alethiolet's ghost (weakling FeAr)
  2166 | D:3      | Killed Alethiolet's ghost
  2212 | D:3      | Mangled by a kobold

Action                   |  1- 3 |  4- 6 || total
-------------------------+-------+-------++-------
Melee: Spear             |   176 |    80 ||   256
Throw: Stone             |       |     3 ||     3
       Tomahawk          |       |     2 ||     2
  Eat: Chunk             |     3 |     1 ||     4
